Map: Terraplén destrozado

Players

MrFercho

  • Race: Terran Terran
  • Spawn Location: 3:00

tigro

  • Race: Terran Terran
  • Spawn Location: 12:00

IA (Más difícil)

  • Race: Protoss Protoss
  • Spawn Location: 3:00

IA (Más difícil)

  • Race: Zerg Zerg
  • Spawn Location: 1:00

IA (Más difícil)

  • Race: Terran Terran
  • Spawn Location: 9:00

IA (Más difícil)

  • Race: Terran Terran
  • Spawn Location: 7:00

IA (Más difícil)

  • Race: Terran Terran
  • Spawn Location: 6:00

IA (Más difícil)

  • Race: Terran Terran
  • Spawn Location: 9:00

VOD

Have the link to the VOD?

Description

Time

  • Played on: Oct. 1, 2018, 10:29 a.m.
  • Length: 18:58
Show
View Real Time Build Order
Export as new Build Order

MrFercho Terran 

Build Orders:  

Get SALT Encoding   

  12  0:02  SCV  
  13  0:18  SCV  
  13  0:19  Supply Depot  
  14  0:35  SCV  
  15  0:50  Barracks  
  15  0:51  Supply Depot  
  15  0:58  SCV  
  16  1:10  SCV  
  17  1:21  Engineering Bay  
  17  1:22  SCV  
  17  1:24  Refinery  
  18  1:37  SCV  
  19  1:49  SCV  
  19  1:51  Refinery  
  20  2:01  SCV  
  20  2:07  Barracks Tech Lab  
  21  2:23  SCV  
  22  2:36  SCV  
  23  2:43  Marauder  
  25  2:44  Sensor Tower  
  25  2:48  SCV  
  26  3:04  Marauder  
  28  3:18  Missile Turret  
  28  3:26  Marauder  
  30  3:37  Supply Depot  
  30  3:41  Missile Turret  
  30  3:44  Concussive Shells  
  30  3:46  Marine  
  31  3:59  Supply Depot  
  31  4:04  Marine, Missile Turret  
  32  4:23  Supply Depot  
  32  4:47  Supply Depot  
  32  5:23  Marauder  
  27  5:34  Factory  
  27  5:43  Barracks  
  27  5:44  Marine  
  28  5:50  Terran Infantry Armor Level 1  
  28  6:00  Engineering Bay  
  28  6:01  Marine  
  29  6:27  Engineering Bay  
  29  6:31  Barracks  
  29  6:40  Factory Tech Lab  
  29  6:43  Stimpack  
  29  6:49  Bunker  
  27  7:04  Barracks Reactor  
  26  7:16  Hellion  
  25  7:37  Siege Tank  
  26  7:49  Marine x4  
  30  8:06  Marine  
  30  8:12  Barracks Tech Lab  
  31  8:22  Combat Shield  
  31  8:27  Armory  
  31  8:28  Neosteel Frame  
  31  8:29  Terran Infantry Weapons Level 1  
  31  8:30  Neosteel Armor  
  31  8:35  Orbital Command  
  31  8:58  Starport  
  31  9:15  Armory  
  30  9:35  Starport  
  30  9:40  Marauder x2  
  34  9:48  Hi-Sec Auto Tracking  
  34  10:01  Marauder  
  34  10:02  Armory  
  36  10:08  Factory  
  36  10:10  Terran Ship Weapons Level 1, Terran Vehicle Weapons Level 1  
  36  10:47  Starport Tech Lab x2  
  36  10:53  Factory  
  36  11:13  Viking x2  
  40  11:42  Medivac  
  40  11:43  Banshee  
  45  11:58  Command Center  
  45  12:04  Factory Tech Lab x2, Terran Vehicle And Ship Armor Level 1  
  45  12:12  Fusion Core  
  45  12:32  Terran Ship Weapons Level 2  
  45  13:12  Refinery  
  45  13:13  Terran Infantry Weapons Level 2  
  45  13:26  Marauder x2, Marine x2  
  51  13:36  Refinery  
  51  13:44  Marine, Reaper  
  53  13:57  Sensor Tower  
  53  14:04  Orbital Command  
  53  14:17  SCV  
  54  14:29  SCV  
  55  14:38  Sensor Tower  
  55  14:41  SCV  
  56  14:53  SCV  
  49  15:05  SCV  
  32  15:18  Marauder x2  
  32  15:19  Marine x2  
  32  15:24  Cyclone, Siege Tank x2  
  37  15:37  Marine  
  37  15:40  Marauder x2  
  33  15:53  Viking  
  33  15:56  Cyclone  
Show
View Real Time Build Order
Export as new Build Order

tigro Terran 

Build Orders:  

Get SALT Encoding   

  12  0:08  SCV  
  13  0:20  SCV  
  14  0:22  Refinery  
  14  0:32  Supply Depot  
  14  0:53  SCV  
  14  0:55  Supply Depot  
  15  1:05  SCV  
  16  1:25  Barracks  
  16  1:28  SCV  
  17  1:39  Refinery  
  17  1:41  SCV  
  18  2:10  SCV  
  19  2:15  Engineering Bay  
  19  2:17  Barracks Tech Lab  
  19  2:22  SCV  
  20  2:40  Marine  
  21  2:44  Terran Infantry Weapons Level 1  
  21  2:57  Marine  
  22  3:08  Missile Turret  
  22  3:15  Marine  
  23  3:33  Marine  
  24  3:51  Marine  
  25  4:04  Missile Turret  
  25  4:09  Marauder  
  27  4:31  Marauder, Factory  
  29  4:39  Terran Infantry Armor Level 1  
  29  4:52  Marauder  
  30  5:22  Marauder  
  24  5:43  Marauder  
  24  5:57  Factory Tech Lab  
  24  6:04  Marauder  
  26  6:26  Marauder  
  28  6:33  Hi-Sec Auto Tracking  
  26  6:47  Marauder  
  26  7:09  Marauder, Infernal Pre-Igniter  
  26  7:14  Siege Tank  
  29  7:28  Planetary Fortress  
  29  7:29  Neosteel Frame, Refinery  
  27  7:30  Marauder  
  29  7:51  Marauder  
  31  8:19  Marauder  
  29  8:28  Rapid Fire Launchers  
  29  8:41  Marauder  
  31  8:48  Neosteel Armor  
  29  9:23  Siege Tank  
  28  9:52  Marine  
  27  9:55  Siege Tank  
  30  10:10  Marine  
  31  10:34  Command Center  
  31  11:18  Supply Depot  
  31  11:40  Marine, Siege Tank  
  35  11:57  Marine  
  36  12:04  Refinery  
  36  12:15  Marine  
  37  12:39  Ghost Academy  
  37  13:56  Armory  
  37  14:23  Starport  
  26  15:22  Marine  
  30  15:28  Siege Tank  
  30  15:40  Marine  
  30  15:41  Viking  
  33  15:58  Marine  
  33  16:00  Siege Tank  
  37  16:04  Barracks  
  37  16:11  Viking  
  37  16:16  Marine  
  27  16:32  Siege Tank  
  25  16:34  Marine  
  25  16:41  Viking  
  27  17:16  Supply Depot  
  27  17:37  Viking  
  27  17:38  Marauder  
  31  17:49  SCV  
  31  18:02  Siege Tank, SCV  
  23  18:07  Viking  
Show
View Real Time Build Order
Export as new Build Order

IA (Más difícil) Protoss 

Build Orders:  

Get SALT Encoding   

  12  0:01  Probe  
  13  0:13  Probe  
  14  0:21  Pylon  
  14  0:25  Probe  
  15  0:35  Probe  
  16  0:43  Probe  
  16  0:48  Assimilator  
  17  0:52  Gateway, Probe  
  18  1:00  Probe  
  18  1:02  Pylon  
  19  1:22  Probe  
  20  1:38  Zealot  
  22  1:42  Gateway  
  22  1:44  Cybernetics Core  
  22  1:46  Assimilator  
  22  2:00  Probe  
  21  2:13  Pylon, Probe  
  22  2:22  Stalker  
  24  2:32  Stalker  
  23  2:49  Probe  
  21  2:52  Zealot  
  21  2:53  Stalker  
  21  3:01  Probe  
  22  3:13  Probe  
  23  3:25  Probe  
  22  3:31  Stalker  
  24  3:37  Probe  
  23  3:42  Zealot  
  25  3:50  Probe  
  24  4:02  Probe  
  19  4:14  Probe  
  20  4:27  Probe  
  19  4:39  Probe  
  20  4:51  Probe  
  13  5:02  Probe  
  14  5:10  Probe  
  15  5:22  Pylon  
  15  5:40  Probe  
  16  5:42  Pylon  
  16  5:52  Probe  
  16  5:54  Pylon  
  17  6:03  Probe  
  15  6:11  Probe  
  14  6:21  Pylon  
  14  6:29  Probe  
  12  6:41  Probe  
  12  6:53  Probe  
  12  7:07  Probe  
  12  7:15  Probe  
  13  7:24  Probe  
  14  7:31  Pylon  
  14  7:44  Stalker  
  16  8:01  Pylon  
  16  8:10  Probe  
  16  8:21  Stalker  
  16  8:24  Probe  
  17  8:43  Pylon  
  17  9:01  Probe  
  18  9:10  Probe  
  18  9:18  Probe  
  15  9:29  Stalker  
  16  9:31  Probe  
  13  10:07  Probe  
  13  10:13  Cybernetics Core  
  12  10:48  Gateway  
Show
View Real Time Build Order
Export as new Build Order

IA (Más difícil) Zerg 

Build Orders: Pool Only 

Get SALT Encoding   

  12  0:01  Drone  
  13  0:12  Overlord  
  13  0:17  Drone  
  14  0:30  Drone  
  14  0:31  Drone  
  16  0:45  Spawning Pool  
  16  0:46  Drone  
  16  0:50  Drone  
  16  0:53  Extractor  
  16  0:56  Drone  
  17  1:06  Overlord  
  17  1:32  Queen  
  19  1:33  Zergling x2  
  19  1:38  Drone  
  19  1:39  Roach Warren  
  20  1:41  Extractor  
  20  1:42  Zergling x2  
  20  1:49  Drone  
  21  2:00  Drone  
  20  2:10  Zergling x2  
  21  2:21  Zergling x2  
  22  2:32  Drone  
  23  2:39  Overlord  
  23  2:40  Roach  
  23  2:49  Zergling x2  
  24  2:55  Drone  
  25  2:58  Zergling x2  
  25  3:05  Zergling x2  
  27  3:11  Queen  
  25  3:16  Roach  
  26  3:27  Zergling x2  
  25  3:37  Zergling x2  
  24  3:48  Drone  
  24  3:59  Overlord  
  24  4:09  Zergling x2  
  21  4:17  Drone  
  21  4:18  Drone  
  21  4:19  Zergling x2  
  22  4:28  Roach  
  20  4:32  Drone  
  21  4:42  Queen  
  21  4:43  Roach  
  25  4:54  Drone  
  25  5:04  Zergling x2  
  26  5:15  Drone  
  27  5:26  Roach  
  27  5:27  Spawning Pool  
  22  5:47  Drone  
  22  5:48  Roach  
  25  5:58  Roach  
  27  6:08  Roach  
  29  6:15  Zergling x2  
  28  6:19  Drone x2  
  28  6:21  Drone  
  28  6:22  Roach  
  31  6:27  Queen  
  31  6:29  Roach  
  33  6:36  Zergling x2  
  18  7:04  Lair  
  18  7:08  Drone  
  18  7:14  Drone  
  17  7:22  Drone  
  16  7:28  Drone  
  17  7:35  Drone  
  18  7:42  Drone  
  17  8:00  Roach  
  17  8:01  Queen  
  20  8:06  Hydralisk Den  
  20  8:07  Zergling x2  
  13  8:32  Drone  
  11  8:35  Hydralisk  
  11  8:39  Drone  
  13  8:46  Drone  
  12  8:55  Drone  
  13  9:04  Drone  
  12  9:13  Drone  
  13  9:19  Drone  
Show
View Real Time Build Order
Export as new Build Order

IA (Más difícil) Terran 

Build Orders:  

Get SALT Encoding   

  12  0:01  SCV  
  13  0:13  SCV  
  14  0:20  Supply Depot  
  14  0:25  SCV  
  15  0:41  SCV  
  16  0:43  Barracks  
  16  0:50  Refinery  
  16  0:53  SCV  
  17  1:05  SCV  
  18  1:18  SCV  
  19  1:21  Supply Depot  
  19  1:30  Orbital Command  
  19  1:31  Marine  
  20  1:45  Barracks  
  20  1:49  Marine  
  20  1:50  Refinery  
  21  1:55  SCV  
  22  2:09  Supply Depot, Barracks Tech Lab  
  22  2:18  Factory  
  22  2:27  Marine  
  23  2:46  Marauder, Marine  
  26  3:04  Marine  
  27  3:07  Marauder  
  27  3:09  Starport  
  27  3:11  Supply Depot  
  29  3:22  Marine, SCV  
  31  3:28  Marauder  
  31  3:34  SCV  
  34  3:35  Engineering Bay  
  34  3:42  Supply Depot  
  34  3:46  SCV, Starport Tech Lab  
  35  3:57  Marine  
  35  3:58  SCV  
  29  4:03  Marine  
  28  4:13  Viking  
  28  4:15  Marine  
  28  4:20  Marine  
  28  4:23  SCV  
  19  4:32  Marine  
  19  4:35  SCV  
  14  4:38  Marine  
  14  4:43  Banshee  
  14  4:47  SCV  
  14  4:50  Marine  
  13  4:56  Marine  
  13  4:59  SCV  
  11  5:08  Marine  
  11  5:11  SCV  
  13  5:14  Marine  
  14  5:23  SCV  
  14  5:26  Marine  
  17  5:35  SCV  
  15  5:44  Marine  
  15  5:47  SCV  
  10  5:59  SCV  
  8  6:12  SCV  
Show
View Real Time Build Order
Export as new Build Order

IA (Más difícil) Terran 

Build Orders:  

Get SALT Encoding   

  12  0:01  SCV  
  13  0:13  SCV  
  14  0:19  Supply Depot  
  14  0:25  SCV  
  15  0:41  SCV  
  16  0:46  Barracks  
  16  0:50  Refinery  
  16  0:53  SCV  
  17  1:05  SCV  
  18  1:17  SCV  
  19  1:21  Supply Depot  
  19  1:30  SCV  
  20  1:33  Marine  
  21  1:43  Barracks, Orbital Command  
  21  1:51  Refinery  
  21  1:53  Barracks Tech Lab  
  21  2:09  Supply Depot  
  21  2:11  Marine  
  22  2:28  Marine  
  22  2:29  Marine  
  24  2:43  Supply Depot  
  24  2:46  Marine  
  24  2:47  Marine  
  24  3:04  Marine  
  24  3:05  Marine  
  26  3:10  SCV  
  27  3:22  Marine, SCV  
  27  3:23  Marine  
  27  3:24  Engineering Bay  
  24  3:40  Marine  
  24  3:41  Marine  
  20  3:48  SCV  
  18  3:57  Marine  
  18  3:58  Marine  
  18  4:00  SCV  
  21  4:13  SCV  
  21  4:16  Marauder, Marine  
  25  4:25  SCV  
  26  4:34  Marine  
  26  4:37  Marauder, SCV  
  30  4:49  SCV  
  30  4:51  Factory  
  30  4:52  Marine  
  32  4:58  Marine  
  33  5:00  Factory  
  33  5:01  SCV  
  34  5:12  Barracks Tech Lab  
  34  5:13  SCV  
  33  5:16  Marauder  
  35  5:25  SCV  
  35  5:30  Marine  
  35  5:34  Factory Tech Lab  
  36  5:37  SCV  
  37  5:47  Factory Tech Lab  
  37  5:49  SCV  
  38  5:53  Starport  
  38  5:56  Reaper  
  37  6:01  SCV  
  38  6:04  Starport  
  38  6:06  Combat Shield  
  38  6:18  Terran Infantry Weapons Level 1  
  38  6:23  Stimpack  
  38  6:26  Marine  
  38  6:30  Starport Tech Lab  
  39  6:33  Marine  
  40  6:41  Supply Depot, Starport Tech Lab  
  40  6:44  Marine  
  41  6:51  Marine  
  38  6:58  Raven  
  39  7:02  Marine  
  38  7:09  Marauder  
  38  7:20  Marine  
  37  7:25  Concussive Shells  
  35  7:30  Marine  
  34  7:38  Marine  
  35  7:48  Marine  
  33  7:56  Reaper  
  33  8:04  Command Center  
  33  8:06  Marauder  
  35  8:22  Terran Infantry Armor Level 1  
  35  8:27  Marine  
  35  8:28  Marine  
  37  8:45  Marauder, Marine  
  40  8:51  Barracks  
  40  8:59  Factory  
  40  9:03  Marine  
  40  9:06  Marine  
  41  9:15  Raven  
  40  9:21  Marine, SCV  
  40  9:23  Starport  
  39  9:24  Marauder  
  39  9:28  SCV  
  42  9:39  Marine, SCV  
  42  9:40  Barracks Reactor  
  42  9:44  Factory Tech Lab  
  42  9:45  SCV  
  45  9:51  Marine, SCV  
  47  9:57  Marine, SCV  
  49  10:00  Starport Reactor  
  49  10:01  Medivac  
  51  10:08  Siege Tank  
  51  10:12  Medivac  
  56  10:30  Missile Turret  
  56  10:31  Medivac  
  56  10:32  Marine  
  56  10:35  Missile Turret  
  59  10:46  Command Center  
  59  10:50  Raven  
  59  10:52  Marine  
  59  10:56  Marine  
  63  11:02  Supply Depot, Marine  
  64  11:05  Marine  
  64  11:10  Marine  
  66  11:14  Marine  
  67  11:19  Marine  
  68  11:29  Marauder  
  68  11:30  Supply Depot  
  68  11:32  Marauder  
  72  11:34  Siege Tank  
  72  11:36  SCV  
  76  11:46  SCV  
  77  11:48  SCV  
  77  11:50  Armory  
  77  11:51  Marauder  
  80  12:00  Hellion  
  82  12:04  Hellion  
  84  12:17  Refinery  
  84  12:19  Refinery  
  84  12:33  Siege Tank  
  84  12:35  Refinery  
  87  12:39  Terran Infantry Weapons Level 2  
  87  12:44  Hellion, Refinery  
  89  12:49  Hellion  
  91  12:51  Supply Depot  
  91  12:58  SCV x2  
  93  13:05  Siege Tank  
  96  13:07  Siege Tank, SCV  
  96  13:10  SCV  
  101  13:13  SCV  
  101  13:15  Supply Depot  
  101  13:19  Siege Tank  
  105  13:37  Siege Tank  
  105  13:39  Supply Depot, Siege Tank  
  111  13:51  Siege Tank  
  114  14:04  Supply Depot  
  114  14:09  Siege Tank  
  117  14:10  SCV  
  117  14:11  Thor, SCV  
  125  14:26  SCV  
  125  14:28  Supply Depot, SCV  
  127  14:32  SCV  
  129  14:38  SCV  
  129  14:41  Infernal Pre-Igniter, SCV  
  130  14:55  Terran Infantry Armor Level 2  
  130  15:00  Command Center  
  130  15:04  Supply Depot  
  130  15:05  SCV  
  130  15:06  SCV  
  131  15:08  SCV  
  128  15:16  Ghost Academy  
  126  15:21  Marine  
  126  15:24  Marine  
  126  15:26  Marine  
  126  15:27  Marine  
  130  15:34  Supply Depot  
  130  15:39  Marine  
  130  15:41  Marine  
  132  15:44  Marine  
  132  15:45  Marine  
  132  15:49  Raven  
  131  15:57  Marine  
  131  15:59  Marine  
  131  16:02  Marine  
  131  16:03  Marine  
  133  16:05  Medivac  
  133  16:06  Supply Depot  
  130  16:14  Marine  
  130  16:17  Marine  
  127  16:19  Marine  
  127  16:21  Marine  
  129  16:32  Marine  
  126  16:35  Marine  
  126  16:37  Marine  
  126  16:39  Marine  
  124  16:42  SCV  
  124  16:44  SCV  
  124  16:45  SCV  
  127  16:47  SCV  
  127  16:51  Marauder  
  127  16:53  Marine  
  131  16:55  Marine, SCV  
  131  16:56  Marine, SCV  
  131  16:57  SCV  
  131  16:59  SCV  
  136  17:07  SCV  
  138  17:08  SCV  
  138  17:09  SCV  
  138  17:11  Marauder, Ghost, SCV  
  138  17:13  Marine  
  138  17:14  Marine  
  146  17:19  SCV  
  146  17:20  SCV  
  148  17:31  Marine  
  148  17:32  Marauder  
  151  17:41  Marauder  
  153  17:53  Ghost  
  155  18:11  Refinery  
  153  18:19  Bunker  
  153  18:20  Widow Mine  
  153  18:21  Missile Turret, Widow Mine  
  159  18:28  Missile Turret  
  159  18:29  Refinery  
  159  18:41  Supply Depot  
  159  18:44  Missile Turret  
  159  18:47  Missile Turret  
  159  18:48  Missile Turret  
  159  18:50  Missile Turret  
  159  18:55  Engineering Bay  
  159  18:57  Bunker  
Show
View Real Time Build Order
Export as new Build Order

IA (Más difícil) Terran 

Build Orders:  

Get SALT Encoding   

  12  0:01  SCV  
  13  0:13  SCV  
  14  0:20  Supply Depot  
  14  0:25  SCV  
  15  0:42  SCV  
  16  0:44  Barracks  
  16  0:52  Refinery  
  16  0:54  SCV  
  17  1:06  SCV  
  18  1:18  SCV  
  19  1:23  Supply Depot  
  19  1:31  SCV  
  19  1:32  Marine  
  21  1:45  Barracks, Orbital Command  
  21  1:50  Marine  
  21  1:52  Refinery  
  22  2:10  Supply Depot, Barracks Tech Lab  
  22  2:28  Marauder  
  24  2:36  Marine  
  25  2:41  Factory  
  25  2:49  Marine  
  26  2:54  Marine  
  26  2:56  Supply Depot  
  27  3:07  Marine  
  27  3:12  Marine  
  29  3:25  Marauder  
  31  3:28  Starport  
  31  3:29  Marine  
  32  3:41  SCV  
  32  3:47  Marauder  
  35  3:48  Supply Depot  
  35  3:53  SCV  
  36  3:58  Marine  
  32  4:05  SCV  
  32  4:07  Marine, Starport Tech Lab  
  31  4:16  Marine  
  32  4:23  SCV  
  32  4:25  Marine  
  32  4:33  Marine  
  32  4:35  SCV  
  34  4:43  Marine  
  34  4:44  Engineering Bay  
  35  4:47  Banshee, SCV  
  39  4:55  Marine  
  40  5:02  Marine  
  41  5:21  Marauder  
  43  5:30  Banshee  
  46  5:37  Barracks Tech Lab  
  46  5:42  Marauder, Factory, Factory Tech Lab  
  46  5:43  Command Center  
  43  5:53  Starport  
  43  5:55  Supply Depot  
  43  6:01  Widow Mine  
  43  6:13  Viking  
  45  6:23  Siege Tank  
  45  6:25  Factory Tech Lab  
  48  6:28  Combat Shield  
  48  6:29  Starport Tech Lab  
  48  6:35  Terran Infantry Weapons Level 1  
  48  6:41  Stimpack  
  48  6:44  Marine  
  47  6:54  Viking  
  47  6:56  SCV  
  47  6:57  SCV  
  37  7:08  SCV  
  37  7:09  Marauder  
  37  7:10  SCV  
  37  7:20  SCV  
  37  7:22  SCV  
  30  7:33  SCV  
  30  7:34  SCV  
  27  7:37  Marauder  
  28  7:45  SCV  
  28  7:46  SCV  
  28  7:57  SCV  
  24  7:58  SCV  
  23  8:08  Marauder  
  23  8:09  SCV  
  23  8:10  SCV  
  23  8:21  SCV  
  23  8:23  SCV  
  25  8:33  SCV  
  25  8:35  SCV  
  26  8:42  Siege Tank  
  26  8:45  SCV  
  26  8:47  SCV  
  29  8:56  Marauder  
  29  8:57  SCV  
  29  9:00  SCV  
  31  9:09  SCV  
  32  9:12  Marine, SCV  
  32  9:17  Marine  
  21  9:21  SCV  
  21  9:24  SCV  
  21  9:29  Marine  
  19  9:34  SCV  
  19  9:36  SCV  
  16  9:46  SCV  
  16  9:48  SCV  
  14  9:53  Marine  
  14  9:58  Marine, SCV  
  16  10:00  SCV  
  17  10:12  SCV  
  16  10:24  SCV  
  16  10:36  SCV  
  17  10:42  Refinery  
  17  10:49  SCV  
  18  10:50  Refinery  
  18  11:01  SCV  
  19  11:07  Supply Depot  
  12  11:42  Command Center  
  8  11:52  Supply Depot  
  8  12:29  Barracks  
  6  13:14  SCV  
  4  13:27  SCV  
  3  13:39  SCV  
  4  13:51  SCV  
Show
View Real Time Build Order
Export as new Build Order

IA (Más difícil) Terran 

Build Orders:  

Get SALT Encoding   

  12  0:01  SCV  
  13  0:13  SCV  
  14  0:21  Supply Depot  
  14  0:25  SCV  
  16  0:42  SCV  
  16  0:45  Barracks  
  16  0:50  Refinery  
  16  0:54  SCV  
  17  1:07  SCV  
  18  1:19  SCV  
  18  1:22  Supply Depot  
  19  1:31  SCV  
  20  1:33  Marine  
  21  1:44  Barracks, Orbital Command  
  21  1:51  Refinery  
  21  1:52  Barracks Tech Lab  
  21  2:07  Factory  
  21  2:10  Marine  
  22  2:25  Supply Depot  
  22  2:29  Marauder  
  24  2:31  Marine  
  25  2:49  Marine  
  26  2:51  Hellion  
  26  2:58  Supply Depot  
  26  2:59  Marauder  
  28  3:07  Marine  
  29  3:14  Hellion  
  31  3:21  Marine  
  31  3:28  Marine  
  29  3:36  Hellion  
  30  3:43  Marine  
  27  3:50  Marine  
  25  4:01  Marauder  
  26  4:06  Hellion  
  28  4:12  Marine  
  29  4:17  Supply Depot  
  29  4:22  Marine  
  30  4:28  Hellion  
  32  4:36  Marine  
  33  4:40  SCV  
  33  4:43  Marine  
  35  4:50  Supply Depot  
  35  4:52  SCV  
  35  4:53  Marine  
  35  5:01  Marine  
  35  5:04  SCV  
  35  5:05  Hellion  
  36  5:11  Marine  
  27  5:19  Marauder  
  25  5:21  SCV  
  20  5:29  Marine  
  20  5:33  Hellion, SCV  
  20  5:41  Marine  
  15  5:45  SCV  
  15  5:48  Marine  
  9  5:58  Marine, SCV  
  10  6:06  Marine  
  10  6:16  Marine  
Tags
 
Add a new tag
Caveats
  • Supply blocks, unpowered buildings, or Contaminate may cause inaccurate times.
  • Supply counts are checked every 10 seconds.